 Dungeon Crawl Stone Soup version 0.24-a0-507-g3e8b242632 (webtiles) character file.

Game seed: 3650306707827626679

67 Peloso the Shield-Bearer (level 3, 0/33 HPs)
             Began as a Minotaur Fighter on July 19, 2019.
             Slain by an orc wizard
             ... wielding a cursed -3 dagger
              (1 damage)
             ... on level 3 of the Dungeon.
             The game lasted 00:02:27 (1363 turns).

Peloso the Shield-Bearer (Minotaur Fighter)         Turns: 1363, Time: 00:02:27

Health: 0/33       AC:  9    Str: 20    XL:     3   Next: 98%
Magic:  2/2        EV:  5    Int:  5    God:
Gold:   102        SH:  9    Dex: 10    Spells: 2/2 levels left

rFire    . . .     SeeInvis .   a - +0 long sword
rCold    . . .     Gourm    .   c - +0 shield
rNeg     . . .     Faith    .   j - +0 chain mail
rPois    .         Spirit   .   (helmet restricted)
rElec    .         Reflect  .   (no cloak)
rCorr    .         Harm     .   (no gloves)
MR       .....                  (no boots)
Stlth    ..........             (no amulet)
HPRegen  0.11/turn              e - ring of attention (curse)
MPRegen  0.08/turn              (no ring)

@: slowed, heavily drained, very slow
A: retaliatory headbutt, horns 2
a: no special abilities


You were on level 3 of the Dungeon.
You were not hungry.

You visited 1 branch of the dungeon, and saw 3 of its levels.

You collected 102 gold pieces.

Inventory:

Hand Weapons
 a - a +0 long sword (weapon)
Missiles
 o - 30 bolts
Armour
 b - a +0 scale mail
 c - a +0 shield (worn)
 j - a +0 chain mail (worn)
Jewellery
 e - a cursed ring of attention (left hand)
Scrolls
 g - 2 scrolls of identify {unknown}
 h - 2 scrolls of enchant weapon {unknown}
 l - a scroll of amnesia {unknown}
 m - a scroll of magic mapping {unknown}
 p - a scroll of teleportation {unknown}
 q - a scroll of fog {unknown}
Potions
 d - a potion of might
 i - a potion of berserk rage {unknown}
 k - 2 potions of mutation {unknown}
 n - a potion of lignification {unknown}
 r - a potion of haste {unknown}
Comestibles
 f - 6 rations


   Skills:
 + Level 4.1(3.0) Fighting
 + Level 3.5(2.3) Long Blades
 + Level 4.1(2.9) Armour
 + Level 4.5(3.3) Shields


You had 2 spell levels left.
You didn't know any spells.
Your spell library was empty.

Dungeon Overview and Level Annotations

Branches:
Dungeon (3/15)

Altars:


Innate Abilities, Weirdness & Mutations

You reflexively headbutt those who attack you in melee.
You have a pair of horns on your head.


Message History

Pain shoots through your body!
* * * LOW HITPOINT WARNING * * *
You block the orc's attack. The orc wizard barely misses you.
You riposte.
You barely miss the orc wizard.
The orc wizard is moderately wounded.
You block the orc priest's attack. The orc hits you but does no damage.
You feel drained. The orc wizard casts a spell at you.
You feel as though you will be slow longer.
You slash the orc priest! Your headbutt misses the orc priest.
The orc priest is heavily wounded.
The orc wizard hits you but does no damage.
The orc priest barely misses you. You furiously retaliate!
You headbutt the orc priest, but do no damage.
You block the orc's attack.
The orc wizard hits you but does no damage.
The orc priest hits you but does no damage.
The orc hits you but does no damage.
You feel drained.
The orc wizard hits you with a cursed -3 dagger.
You die...

.# #.# .# # #.###.
.≈ ..##.. .≈≈
#.##.# .o≈≈ #.##.#
.≈≈≈≈ #.##o##
.≈≈≈≈≈##.#.o@##
..≈≈≈≈.<..###o###
##≈≈≈≈≈#..#
#.....#
#≈≈≈≈≈#.o###?#####
##≈≈≈≈o.....##
88o≈≈≈≈88....#
......o.......#
..............#
.88≈≈≈≈≈88..#.#


You could see an orc priest, an orc wizard and an orc.

Vanquished Creatures
  An adder (D:2)
  A worm (D:2)
  2 dart slugs
  A leopard gecko (D:1)
  2 orcs
  A ball python (D:1)
  3 bats
  3 giant cockroaches
  6 hobgoblins
  5 kobolds
  3 frilled lizards (D:2)
  12 goblins
  7 rats
47 creatures vanquished.

Notes
Turn   | Place    | Note
-------+----------+-------------------------------------------
     0 | D:1      | Peloso the Minotaur Fighter began the quest for the Orb.
     0 | D:1      | Reached XP level 1. HP: 19/19 MP: 0/0
   190 | D:1      | Reached XP level 2. HP: 27/27 MP: 1/1
   609 | D:2      | Reached XP level 3. HP: 33/33 MP: 2/2
  1362 | D:3      | HP: 1/33 [orc priest/nerve-wracking pain (10)]
  1363 | D:3      | Slain by an orc wizard

Levels and vault maps discovered:
D:1:      elethiomel_arrival_maze, layout_basic
D:2:      layout_basic, first_ration, minmay_misc_feat_five,
          hangedman_decor_growths, minmay_stone_trees_medium
D:3:      wander_river, layout_loops_ring, marbit_many_paths,
          grunt_gozag_breadcrumbs, cheibrodos_sewer_entry_sluice

Skill      XL: |  1  2  3 |
---------------+----------+-----
Shields        | 4 |  4.5
Fighting       | 4 |  4.1
Armour         | 4 |  4.1
Long Blades    | 3 |  3.5

Action                   || total
-------------------------++-------
Melee: Long sword        ||   122
       Headbutt          ||    20
  Eat: Chunk             ||     2
Armor: Chain mail        ||    71
       Scale mail        ||     1
Dodge: Dodged            ||    21
Block: Shield            ||    88
       Rpst.: Long sword ||     6

Table legend:
 A = Non-vault XP
 B = Vault XP
 C = Vault XP percentage of total XP
 D = Non-vault monster count
 E = Vault monster count
 F = Vault count percentage of total count
                 A         B        C        D         E       F
            +---------+---------+-------+---------+---------+-------
      Total |      96 |       0 |   0.0 |      47 |       0 |   0.0
            +---------+---------+-------+---------+---------+-------
        D:1 |      39 |       0 |   0.0 |      24 |       0 |   0.0
        D:2 |      54 |       0 |   0.0 |      22 |       0 |   0.0
        D:3 |       3 |       0 |   0.0 |       1 |       0 |   0.0
            +---------+---------+-------+---------+---------+-------
